 Dungeon Crawl Stone Soup version 0.22-a0-775-ga7d80019b5 (webtiles) character file.

832 PikkenKukken the Skirmisher (level 7, -1/55 HPs)
             Began as a Demonspawn Fighter on July 18, 2018.
             Slain by a howler monkey (5 damage)
             ... on level 5 of the Dungeon.
             The game lasted 00:09:45 (4066 turns).

PikkenKukken the Skirmisher (Demonspawn Fighter)    Turns: 4066, Time: 00:09:46

Health: -1/55      AC: 10    Str: 23    XL:     7   Next: 65%
Magic:  0/9        EV:  8    Int: 10    God:
Gold:   270        SH: 11    Dex: 14    Spells: 6/6 levels left

rFire    . . .     SeeInvis .   a - +0 rapier
rCold    . . .     Gourm    .   c - +1 shield
rNeg     . . .     Faith    +   b - +0 scale mail
rPois    .         Spirit   +   (helmet restricted)
rElec    .         Reflect  .   (no cloak)
rCorr    .         Harm     .   (no gloves)
MR       .....                  (no boots)
Stlth    ..........             p - amulet of faith
HPRegen  0.18/turn              i - +2 ring of strength
MPRegen  0.11/turn              (no ring)

@: mighty, lethally poisoned (-1 -> -2), about to teleport
A: antennae 2, molten scales 2, magic shield
a: no special abilities


You were on level 5 of the Dungeon.
You were not hungry.

You visited 1 branch of the dungeon, and saw 5 of its levels.

You collected 270 gold pieces.

Inventory:

Hand Weapons
 a - a +0 rapier (weapon)
 w - a +0 hand crossbow
Armour
 b - a +0 scale mail (worn)
 c - a +1 shield (worn)
Jewellery
 i - a +2 ring of strength (left hand)
 p - an amulet of faith (around neck)
Wands
 m - a wand of polymorph (4)
 u - a wand of random effects (32)
 v - a wand of flame (27)
Scrolls
 k - 2 scrolls of fear
 s - a scroll of remove curse
 y - a scroll of identify
Potions
 e - 4 potions of flight
 g - a potion of berserk rage {unknown}
 h - a potion of cancellation
 j - a potion of brilliance
 l - a potion of curing
 n - 2 potions of haste
 o - 2 potions of resistance
 q - a potion of lignification {unknown}
 r - a potion of agility {unknown}
Comestibles
 f - 6 rations
 x - 7 chunks of flesh


   Skills:
 + Level 4.8 Fighting
 + Level 3.9 Short Blades
 + Level 4.4 Armour
 - Level 1.4 Dodging
 + Level 4.3 Shields
 + Level 3.1 Evocations


You had 6 spell levels left.
You didn't know any spells.
Your spell library contained the following spells:

 Spells                   Type           Power        Failure   Level  Hunger
 Magic Dart               Conj           #...         98%         1    ##.....
 Conjure Flame            Conj/Fire      #.......     100%        3    ####...
 Slow                     Hex            #.......     99%         2    ###....
 Mephitic Cloud           Conj/Pois/Air  #.......     100%        3    ####...
 Blink                    Tloc           N/A          99%         2    ###....
 Call Imp                 Summ           #.......     99%         2    ###....


Dungeon Overview and Level Annotations

Branches:
Dungeon (5/15)
 Temple: D:4-7

Altars:
Ashenzari


Innate Abilities, Weirdness & Mutations

You have a pair of antennae on your head.
You are mostly covered in molten scales. (AC +3)
When hurt, damage is shared between your health and your magic reserves.


Message History

You block the adder's attack. You block the hound's attack.
The howler monkey barely misses you. The centaur hits you.
* * * LOW HITPOINT WARNING * * *
You feel better. You block the hound's attack. You block the adder's attack.
The centaur hits you but does no damage.
The howler monkey hits you but does no damage.
The worm bites you.
* * * LOW HITPOINT WARNING * * *
As you read the scroll of teleportation, it crumbles to dust.
You feel strangely unstable. The hound barely misses you.
You block the centaur's attack. You block the adder's attack.
The howler monkey barely misses you. The hound closely misses you.
A river rat comes into view.
A giant cockroach comes into view.
The centaur hits you.
* * * LOW HITPOINT WARNING * * *
You block the worm's attack. The adder bites you.
You are poisoned.
The adder poisons you!
You feel sick. The hound barely misses you. The howler monkey hits you.
You die...

#.........##..
###.............
#...............
##.#(............
###....[.......#.#.
###...>..........#.#.
##....(...........<.#.
#.##....(....)...........
.......h@................
......Sch.$...........##.
.......w(....=........ ..
.........................
......................
..............#..
................
<..####rs....### ...
..#....#


You could see a centaur, a worm, a howler monkey, a hound, an adder, a river rat
(wandering) and a giant cockroach (wandering).

Vanquished Creatures
  Eustachio (D:4)
  Duvessa (D:4)
  An ogre (D:4)
  2 centaurs (D:5)
  Dowan (D:4)
  A bullfrog zombie (D:5)
  A worker ant (D:4)
  Natasha (thrice) (D:3)
  An iguana (D:4)
  An orc wizard (D:2)
  3 adders
  An ooze (D:4)
  2 worms
  8 dart slugs
  2 leopard geckos (D:2)
  5 orcs
  2 ball pythons (D:1)
  A giant cockroach (D:2)
  7 goblins
  10 hobgoblins
  6 jackals (D:4)
  A ball python skeleton (D:4)
  11 bats
  3 frilled lizards
  7 kobolds
  5 rats
87 creatures vanquished.

Notes
Turn   | Place    | Note
-------+----------+-------------------------------------------
     0 | D:1      | PikkenKukken the Demonspawn Fighter began the quest for the Orb.
     0 | D:1      | Reached XP level 1. HP: 18/18 MP: 1/1
   117 | D:1      | Gained mutation: You have a pair of small antennae on your head. [demonic ancestry]
   117 | D:1      | Reached XP level 2. HP: 9/24 MP: 2/2
   488 | D:1      | Gained mutation: When hurt, damage is shared between your health and your magic reserves. [demonic ancestry]
   488 | D:1      | Reached XP level 3. HP: 26/29 MP: 3/3
   761 | D:2      | Reached skill level 1 in Dodging
  1113 | D:2      | Reached XP level 4. HP: 31/35 MP: 4/4
  1830 | D:3      | Noticed Natasha
  1839 | D:3      | Killed Natasha
  1893 | D:2      | Gained mutation: You are partially covered in molten scales. (AC +2) [demonic ancestry]
  1893 | D:2      | Reached XP level 5. HP: 31/42 MP: 3/5
  2037 | D:3      | Noticed Natasha
  2054 | D:3      | Killed Natasha
  2054 | D:3      | Reached skill level 1 in Evocations
  2261 | D:3      | Noticed Natasha
  2279 | D:3      | Killed Natasha
  2709 | D:4      | Noticed Duvessa
  2709 | D:4      | Noticed Dowan
  2720 | D:4      | Killed Duvessa
  2720 | D:4      | Gained mutation: You are mostly covered in molten scales. (AC +3) [demonic ancestry]
  2720 | D:4      | Reached XP level 6. HP: 25/48 MP: 4/7
  2736 | D:4      | Killed Dowan
  2978 | D:4      | Found a shattered altar of Ashenzari.
  3249 | D:4      | Gained mutation: You have a pair of antennae on your head. [demonic ancestry]
  3249 | D:4      | Reached XP level 7. HP: 42/55 MP: 8/8
  3717 | D:5      | Entered Level 5 of the Dungeon
  3723 | D:5      | Noticed Eustachio
  3891 | D:4      | Killed Eustachio
  4063 | D:5      | HP: 2/55 [centaur (3)]
  4066 | D:5      | Slain by a howler monkey

Vault maps used:
D:1:      minmay_arrival_pointy
D:3:      first_ration, minmay_misc_feat_enclosed, uniq_natasha
D:4:      evilmike_ruin_ashenzari, st_stairs_12, uniq_duvessa
D:5:      grunt_temple_overflow_open, minmay_temple_entry_glass,
          portal_sewer_entry_a, uniq_eustachio

Skill      XL: |  1  2  3  4  5  6  7 |
---------------+----------------------+-----
Short Blades   | 2 3 |  3.9
Armour         | 3 4 |  4.4
Shields        | 3 4 |  4.3
Dodging        | 1 |  1.4
Evocations     | 1 2 3 |  3.1
Fighting       | 4 |  4.8

Action                   |  1- 3 |  4- 6 |  7- 9 || total
-------------------------+-------+-------+-------++-------
Melee: Rapier            |   135 |   199 |    60 ||   394
Evoke: Wand              |       |     2 |       ||     2
  Use: Scroll            |    10 |     5 |     1 ||    16
       Potion            |       |     1 |     3 ||     4
  Eat: Chunk             |     1 |     3 |     3 ||     7
       Ration            |       |     1 |       ||     1
Armor: Scale mail        |    63 |   104 |    37 ||   204
Dodge: Dodged            |    49 |    64 |    31 ||   144
Block: Shield            |    60 |   132 |    53 ||   245

Table legend:
 A = Spawn XP
 B = Non-spawn XP
 C = Spawn XP percentage of total XP
 D = Spawn monster count
 E = Non-spawn monster count
 F = Spawn count percentage of total count
 G = Total turns spent on level
                    A         B        C        D         E        F      G
               +---------+---------+-------+---------+---------+-------+---------
         Total |       0 |    1189 |   0.0 |       0 |      87 |   0.0 |  4066
               +---------+---------+-------+---------+---------+-------+---------
           D:1 |       0 |      50 |   0.0 |       0 |      26 |   0.0 |   729
           D:2 |       0 |     103 |   0.0 |       0 |      21 |   0.0 |   681
           D:3 |       0 |     159 |   0.0 |       0 |      21 |   0.0 |  1011
           D:4 |       0 |     599 |   0.0 |       0 |      14 |   0.0 |  1569
           D:5 |       0 |     278 |   0.0 |       0 |       5 |   0.0 |    76
               +---------+---------+-------+---------+---------+-------+---------
